 Dungeon Crawl Stone Soup version 0.20.1-1-g8b1a95d (webtiles) character file.

305 arttle the Stinger (level 6, -5/41 HPs)
             Began as an Octopode Transmuter on Nov 3, 2017.
             Slain by Irenicus's ghost (7 damage)
             ... on level 4 of the Dungeon.
             The game lasted 00:13:26 (3411 turns).

arttle the Stinger (Octopode Transmuter)            Turns: 3411, Time: 00:13:26

Health: -5/41      AC:  1    Str: 10    XL:     6   Next: 39%
Magic:  5/9        EV: 13    Int: 17    God:
Gold:   107        SH:  0    Dex: 12    Spells: 5/9 levels left

rFire    . . .     SeeInvis .     - Unarmed
rCold    . . .     Gourm    .   (no shield)
rNeg     . . .     Faith    .   (helmet restricted)
rPois    .         Spirit   .   (no amulet)
rElec    .         Reflect  .   e - ring of stealth
rCorr    .         Harm     .   j - ring of teleportation (curse)
MR       .....     Rnd*Tele +   (no ring)
Stlth    +++.......             (no ring)
Regen    0.2/turn               (no ring)
MPRegen  0.2/turn               (no ring)
                                (no ring)
                                (no ring)

@: appendage
A: almost no armour, stealthy swim, amphibious, 8 rings, constrict 8, tentacle
spike 3, camouflage 1, sense surroundings 1, robust 1, gelatinous body 1
a: End Transformation


You were on level 4 of the Dungeon.
You were not hungry.
One of your tentacles had a temporary spike.
You visited 1 branch of the dungeon, and saw 4 of its levels.

You collected 107 gold pieces.

Inventory:

Missiles
 a - 51 arrows
Jewellery
 e - a ring of stealth (left tentacle)
 j - a cursed ring of teleportation (right tentacle)
Scrolls
 g - 2 scrolls of teleportation
 h - a scroll of identify
 i - a scroll of enchant weapon
 n - a scroll of enchant armour
Potions
 o - a potion of cancellation {unknown}
Books
 b - a book of Changes

   Spells                             Type                      Level
   a - Beastly Appendage              Transmutation                1
   b - Sticks to Snakes               Transmutation                2
   c - Spider Form                    Transmutation/Poison         3
   d - Ice Form                       Ice/Transmutation            4
   e - Blade Hands                    Transmutation                5
Comestibles
 c - 4 bread rations
 d - 3 chunks of flesh
 f - 2 royal jellies
 k - 3 fruits
 l - 2 meat rations


   Skills:
 - Level 1.0 Fighting
 - Level 2.0 Dodging
 - Level 4.0 Unarmed Combat
 - Level 2.0 Spellcasting
 + Level 4.2 Transmutations
 + Level 4.6 Poison Magic


You had 5 spell levels left.
You knew the following spells:

 Your Spells              Type           Power        Failure   Level  Hunger
a - Beastly Appendage     Tmut           ###...       3%          1    #......
s - Spider Form           Tmut/Pois      ###.......   10%         3    ###....


Dungeon Overview and Level Annotations

Branches:
Dungeon (4/15)
 Temple: D:4-7

Altars:
Cheibriados
Dithmenos

Annotations:
D:4 Irenicus's ghost, amateur DDNe


Innate Abilities, Weirdness & Mutations

You cannot wear most types of armour.
You are very stealthy in the water. (Stealth+)
You are amphibious.
You can wear up to eight rings at the same time.
You can use your tentacles to constrict eight enemies at once.
Your skin changes colour to match your surroundings (Stealth+).
Your rubbery body absorbs attacks. (AC +1, EV +1)
One of your tentacles bears a large vicious spike.
You passively map a small area around you.
You are robust. (+10% HP)


Message History

You hit Irenicus's ghost but do no damage.
Irenicus's ghost is moderately damaged.
Irenicus's ghost closely misses you.
You hit Irenicus's ghost.
Irenicus's ghost is moderately damaged.
Irenicus's ghost hits you!
* * * LOW HITPOINT WARNING * * *
Casting: Spider Form
Confirm with . or Enter, or press ? or * to list all spells.
Your transformation has ended.
One of your tentacles grows a vicious spike.
Irenicus's ghost hits you but does no damage.
You tentacle-slap Irenicus's ghost.
You pierce Irenicus's ghost.
Irenicus's ghost is heavily damaged.
Irenicus's ghost hits you!
* * * LOW HITPOINT WARNING * * *
You barely miss Irenicus's ghost.
You pierce Irenicus's ghost.
Irenicus's ghost is heavily damaged.
Irenicus's ghost hits you!
You die...

* #.........#... *..#
..#...#.........
#...*..###.##..##....
# #.#.
..*#.....#..#..#
*.#.#.#.
*#.##..#..#...
......., #.#....##..##
*##...##*#[..........#
#...W.###.#...#......
#...@.....##.##.#...#
#.....##........##.##
##...##########......
##### ######. ### #..
#.# #.# #.#


You could see Irenicus's ghost.

Vanquished Creatures
  A scorpion (D:4)
  A hound (D:4)
  A bullfrog skeleton (D:3)
  2 orc wizards
  A worker ant (D:4)
  4 adders (D:3)
  A worm (D:3)
  A dart slug (D:3)
  4 leopard geckos
  11 orcs
  A ball python (D:2)
  6 bats
  A bat skeleton (D:2)
  5 bat zombies (D:2)
  4 giant cockroaches
  4 goblins
  3 hobgoblins
  7 jackals (D:4)
  A kobold (D:3)
  A ball python skeleton (D:2)
  3 frilled lizards (D:3)
  A giant cockroach zombie (D:2)
  A jackal skeleton (D:4)
  4 rats
69 creatures vanquished.

Notes
Turn   | Place    | Note
-------+----------+-------------------------------------------
     0 | D:1      | arttle the Octopode Transmuter began the quest for the Orb.
     0 | D:1      | Reached XP level 1. HP: 13/13 MP: 3/3
   342 | D:1      | Reached XP level 2. HP: 18/18 MP: 3/5
  1043 | D:2      | Reached XP level 3. HP: 23/23 MP: 3/6
  1048 | D:2      | Learned a level 3 spell: Spider Form
  1146 | D:2      | Found a shadowy altar of Dithmenos.
  1419 | D:2      | Found a snail-covered altar of Cheibriados.
  1532 | D:3      | Reached skill level 1 in Poison Magic
  1765 | D:3      | Reached XP level 4. HP: 21/28 MP: 4/7
  2619 | D:3      | Reached XP level 5. HP: 33/33 MP: 6/8
  3130 | D:4      | Noticed Irenicus's ghost (amateur DDNe)
  3138 | D:4      | Reached XP level 6. HP: 38/38 MP: 9/9
  3331 | D:4      | Gained mutation: Your body sometimes deteriorates upon taking damage. [potion of mutation]
  3331 | D:4      | Gained mutation: You passively map a small area around you. [potion of mutation]
  3331 | D:4      | Lost mutation: Your body sometimes deteriorates upon taking damage. [potion of mutation]
  3331 | D:4      | Gained mutation: You are robust. (+10% HP) [potion of mutation]
  3410 | D:4      | HP: 2/41 [Irenicus's ghost (7)]
  3411 | D:4      | Slain by Irenicus's ghost

Skill      XL: |  1  2  3  4  5  6 |
---------------+-------------------+-----
Unarmed Combat | 4 |  4.0
Poison Magic   | 2 3 4 |  4.6
Transmutations | 3 4 |  4.2
Fighting       | |  1.0
Dodging        | |  2.0
Spellcasting   | |  2.0

Action                   |  1- 3 |  4- 6 || total
-------------------------+-------+-------++-------
Melee: Unarmed           |    76 |   114 ||   190
       Constrict         |    22 |    27 ||    49
       Kick              |    13 |    24 ||    37
       Punch             |     2 |     2 ||     4
       Tentacles         |    14 |    20 ||    34
 Cast: Beastly Appendage |    22 |    25 ||    47
       Spider Form       |       |     1 ||     1
  Use: Scroll            |     5 |       ||     5
       Potion            |     1 |     3 ||     4
 Stab: Sleeping          |     4 |     7 ||    11
       Invisible         |       |     1 ||     1
  Eat: Chunk             |     3 |     6 ||     9
Armor: Skin              |    11 |     7 ||    18
Dodge: Dodged            |    65 |    61 ||   126
